 Dungeon Crawl Stone Soup version 0.30-a0-422-g946f4849ff (webtiles) character file.

Game seed: 2880531831344969802

173 sleeves the Gusty (level 5, -2/46 HPs)
             Began as an Octopode Air Elementalist on Dec 8, 2022.
             Slain by an orc wizard
             ... wielding a +0 dagger
              (3 damage)
             ... on level 4 of the Dungeon.
             The game lasted 00:02:27 (3164 turns).

sleeves the Gusty (Octopode Air Elementalist)       Turns: 3164, Time: 00:02:28

Health: -2/46      AC:  1    Str:  7    XL:     5   Next: 53%
Magic:  8/8        EV: 13    Int: 19    God:
Gold:   194        SH:  0    Dex: 13    Spells: 7/8 levels left

rFire   . . .      SeeInvis .    f - +2 dagger (venom)
rCold   . . .      Faith    .    (no shield)
rNeg    . . .      Spirit   .    (helmet restricted)
rPois   .          Reflect  .    (no amulet)
rElec   .          Harm     .    (no ring)
rCorr   .          Rampage  .    (no ring)
Will    .....                    (no ring)
Stlth   ..........               (no ring)
HPRegen 0.27/turn                (no ring)
MPRegen 0.11/turn                (no ring)
                                 (no ring)
                                 (no ring)

@: berserking, very quick
A: almost no armour, amphibious, 8 rings, camouflage 1, gelatinous body 1,
(nimble swimmer 1), tentacles
a: no special abilities


You were on level 4 of the Dungeon.
You visited 1 branch of the dungeon, and saw 4 of its levels.

You collected 194 gold pieces.

Inventory:

Hand Weapons
 f - a +2 dagger of venom (weapon)
   (You found it on level 1 of the Dungeon)
Jewellery
 j - a ring of fire
   (You found it on level 2 of the Dungeon)
Wands
 o - a wand of mindburst (16)
   (You found it on level 3 of the Dungeon)
Scrolls
 c - a scroll of summoning {unknown}
 e - 4 scrolls of identify {unknown}
 g - a scroll of butterflies {unknown}
 h - a scroll of silence {unknown}
 k - a scroll of magic mapping {unknown}
 l - 2 scrolls of torment {unknown}
 m - 4 scrolls of teleportation {unknown}
 n - a scroll of noise {unknown}
 q - a scroll of fear {unknown}
 t - a scroll of vulnerability {unknown}
 v - a scroll of amnesia {unknown}
 w - a scroll of enchant weapon {unknown}
Potions
 a - a potion of magic
 b - a potion of heal wounds {unknown}
 d - a potion of lignification {unknown}
 i - 2 potions of curing {unknown}
 p - a potion of attraction {unknown}
 r - 2 potions of brilliance {unknown}
 u - a potion of resistance {unknown}


   Skills:
 - Level 2.0 Dodging
 - Level 2.6 Stealth
 - Level 2.0 Spellcasting
 - Level 1.0 Conjurations
 + Level 6.0 Air Magic


You had 7 spell levels left.
You knew the following spells:

 Your Spells              Type           Power      Damage    Failure   Level
a - Shock                 Conj/Air       60%        1d6       4%          1

Your spell library contained the following spells:

 Spells                   Type           Power      Damage    Failure   Level
 Swiftness                Air            25%        N/A       4%          3
 Static Discharge         Conj/Air       30%        2-4/arc   6%          2
 Airstrike                Air            12%        2d(2-18)  14%         4
 Malign Gateway           Summ/Tloc      0%         N/A       100%        7
 Summon Horrible Things   Summ           0%         N/A       100%        8


Dungeon Overview and Level Annotations

Branches:
Dungeon (4/15)
 Temple: D:4-7

Altars:
Hepliaklqana
Okawaru
Trog

Shops:
D:2 :   D:3 (


Innate Abilities, Weirdness & Mutations

You cannot wear most types of armour.
You are amphibious.
You can wear up to eight rings at the same time.
Your skin changes colour to match your surroundings (Stealth+).
Your rubbery body absorbs attacks. (AC +1, EV +1)
((You are camouflaged when in or above water. (Stealth+)))
You have tentacles for arms and can constrict up to eight enemies at once.


Message History

Welcome, sleeves the Octopode Air Elementalist.
Will you be the one to retrieve the majestic Orb of Zot from the depths?
Press ? for a list of commands and other information.
Found a scale mail.
Found a staircase leading out of the dungeon.
You open the door.
Found a whip.
There is an open door here.
A giant cockroach comes into view.
A giant cockroach is nearby!
The zap hits the giant cockroach.
The giant cockroach is moderately wounded.
The zap misses the giant cockroach.
The zap hits the giant cockroach.
You kill the giant cockroach!
You are out of magic!
You are out of magic!
Magic restored.
Found 3 stones.
You see here 3 stones.
b - a fizzy ruby potion You open the door.
Found a stone staircase leading down.
A goblin comes into view. It is wielding a +0 club.
The goblin shouts!
There is an open door here.
The zap hits the goblin.
The goblin is severely wounded.
The zap hits the goblin.
You kill the goblin!
You can't see any susceptible monsters within range! (Use Z to cast anyway.)
A rat and an endoplasm come into view.
There are monsters nearby!
There are monsters nearby!
You miscast Shock.
You are very lightly contaminated with residual magic.
Nothing appears to happen.
The zap hits the rat.
You kill the rat!
The endoplasm quivers.
You can't see any susceptible monsters within range! (Use Z to cast anyway.)
You can't see any susceptible monsters within range! (Use Z to cast anyway.)
An endoplasm is nearby!
The zap hits the endoplasm.
The endoplasm is moderately wounded.
Your magical contamination has completely faded away.
You are out of magic!
You tentacle-slap the endoplasm but do no damage.
The endoplasm is moderately wounded.
The endoplasm freezes you.
You are frozen.
You are too injured to fight recklessly!
You are too injured to fight recklessly!
You are too injured to fight recklessly!
You are too injured to fight recklessly!
You are too injured to fight recklessly!
You are too injured to fight recklessly!
You are too injured to fight recklessly!
You are too injured to fight recklessly!
You are too injured to fight recklessly!
You tentacle-slap the endoplasm but do no damage.
You squeeze the endoplasm.
You kill the endoplasm!
Found a leather armour.
HP restored.
You see here a +0 leather armour.
You see here a rat corpse.
c - a scroll labelled YFYNGI NEITT
Found a club.
A rat comes into view.
A rat is nearby!
The zap hits the rat.
The rat is heavily wounded.
The zap hits the rat.
You kill the rat!
You can't see any susceptible monsters within range! (Use Z to cast anyway.)
You can't see any susceptible monsters within range! (Use Z to cast anyway.)
A goblin comes into view. It is wielding a +0 club.
A goblin is nearby!
A goblin is nearby!
The zap hits the goblin.
You kill the goblin!
You have reached level 2!
You now have 17 gold pieces.
A goblin comes into view. It is wielding a +0 dagger.
Found 7 stones and 3 gold pieces.
A goblin is nearby!
A goblin is nearby!
The zap hits the goblin.
You kill the goblin!
You can't see any susceptible monsters within range! (Use Z to cast anyway.)
You now have 20 gold pieces (gained 3).
You now have 34 gold pieces (gained 14).
An endoplasm comes into view.
An endoplasm is nearby!
An endoplasm is nearby!
The zap hits the endoplasm.
The endoplasm is lightly wounded.
The zap hits the endoplasm.
You kill the endoplasm!
You can't see any susceptible monsters within range! (Use Z to cast anyway.)
You can't see any susceptible monsters within range! (Use Z to cast anyway.)
You see here a +0 scale mail.
You see here a +0 whip.
A rat comes into view.
A rat is nearby!
A rat is nearby!
The zap hits the rat.
You kill the rat!
You can't see any susceptible monsters within range! (Use Z to cast anyway.)
d - a fizzy pink potion A frilled lizard comes into view.
Found a runed dagger.
A frilled lizard is nearby!
A frilled lizard is nearby!
The zap hits the frilled lizard.
The frilled lizard is heavily wounded.
The zap misses the frilled lizard.
The zap hits the frilled lizard.
You kill the frilled lizard!
You see here a frilled lizard corpse.
You see here a +2 dagger of venom.
You now have 49 gold pieces (gained 15).
e - a scroll labelled AQEJUM WIULUA Search for what [? for help]? dag You see here a +2 dagger of venom.
f - a +2 dagger of venom Your +2 dagger of venom begins to drip with poison!
f - a +2 dagger of venom (weapon)
e - 2 scrolls labelled AQEJUM WIULUA (gained 1)
g - a scroll labelled HENWUQ ESHRUCW
Found 5 stones.
Found a stone staircase leading down.
There is a stone staircase leading down here.
Found a stone staircase leading down.
There is a stone staircase leading down here.
Found a scale mail.
A sourceless malevolence fills the Dungeon...
You fall into a shaft and drop 1 floor!
The shaft crumbles and collapses.
A rat comes into view.
The rat moves out of view.
A rat is nearby!
The zap hits the rat.
You kill the rat!
You can't see any susceptible monsters within range! (Use Z to cast anyway.) Magic restored.
A ball python comes into view.
A ball python is nearby!
A ball python is nearby!
The zap hits the ball python.
You kill the ball python!
You can't see any susceptible monsters within range! (Use Z to cast anyway.)
You see here a rat corpse.
A bat comes into view.
Found a scroll labelled KANTAS COBUNATHRI.
A bat is nearby!
A bat is nearby!
You miscast Shock.
You are very lightly contaminated with residual magic.
Nothing appears to happen.
The zap hits the bat.
You kill the bat!
You can't see any susceptible monsters within range! (Use Z to cast anyway.)
Your magical contamination has completely faded away.
A goblin comes into view. It is wielding a +0 dagger.
A goblin is nearby!
A goblin is nearby!
The zap misses the goblin.
The goblin shouts!
The zap misses the goblin.
A goblin is nearby!
A goblin is nearby!
The zap hits the goblin.
You kill the goblin!
You can't see any susceptible monsters within range! (Use Z to cast anyway.) No target in view!
Found a quarterstaff.
e - 3 scrolls labelled AQEJUM WIULUA (gained 1)
h - a scroll labelled KANTAS COBUNATHRI A goblin comes into view.
It is wielding a +0 club.
A goblin is nearby!
A goblin is nearby!
The zap hits the goblin.
You kill the goblin!
No target in view!
Found a stone staircase leading down.
A rat comes into view.
Found a hand axe.
A rat is nearby!
You miscast Shock.
You are very lightly contaminated with residual magic.
Nothing appears to happen.
A rat is nearby!
The zap hits the rat.
The rat is severely wounded.
The zap misses the rat.
You miscast Shock.
Nothing appears to happen.
A rat is nearby!
A rat is nearby!
Found a coppery potion.
A rat is nearby!
You closely miss the rat. Your grab misses the rat. You squeeze the rat.
You kill the rat!
Your magical contamination has completely faded away.
i - a coppery potion No target in view!
A dart slug comes into view.
A dart slug is nearby!
A dart slug is nearby!
The zap hits the dart slug.
The dart slug is lightly wounded.
The zap hits the dart slug.
The dart slug is heavily wounded.
A dart slug is nearby!
A dart slug is nearby!
A dart slug is nearby!
You hit the dart slug but do no damage. You grab the dart slug.
The dart slug is heavily wounded.
You constrict the dart slug. You hit the dart slug but do no damage.
The dart slug is poisoned.
The dart slug is heavily wounded.
You constrict the dart slug.
You kill the dart slug!
No target in view!
No target in view!
No target in view!
No target in view!
No target in view!
Found 3 stones.
A ball python comes into view.
The ball python hisses angrily.
A ball python is nearby!
A ball python is nearby!
The zap hits the ball python.
The ball python is heavily wounded.
The zap hits the ball python.
You kill the ball python!
Your Air Magic skill increases to level 4!
Found a stone staircase leading up.
You can't see any susceptible monsters within range! (Use Z to cast anyway.)
Found a robe.
Found a stone staircase leading up.
j - a ring of fire A kobold comes into view.
It is wielding a +0 short sword.
A kobold is nearby!
A kobold is nearby!
A kobold is nearby!
The zap hits the kobold.
You kill the kobold!
You can't see any susceptible monsters within range! (Use Z to cast anyway.)
Found a stone staircase leading up.
Found a stone staircase leading down.
You see here a +0 short sword.
You can't see any susceptible monsters within range! (Use Z to cast anyway.)
Found Noasheq's Book Emporium.
There is an entrance to Noasheq's Book Emporium here.
k - a scroll labelled GYSHOA COSETI You see here a ball python skeleton.
You now have 61 gold pieces (gained 12).
A ball python comes into view.
A ball python is nearby!
A ball python is nearby!
You miscast Shock.
You are very lightly contaminated with residual magic.
Nothing appears to happen.
The ball python hisses angrily.
The zap hits the ball python.
You kill the ball python!
You can't see any susceptible monsters within range! (Use Z to cast anyway.)
You can't see any susceptible monsters within range! (Use Z to cast anyway.)
Your magical contamination has completely faded away.
i - 2 coppery potions (gained 1)
Found a stone staircase leading down.
There is a stone staircase leading down here.
Found 2 poisoned darts.
You now have 67 gold pieces (gained 6).
A ball python comes into view.
Found a scroll labelled BOADYM QACW.
The zap hits the ball python.
You kill the ball python!
You have reached level 3!
Your experience leads to an increase in your attributes!
Increase (S)trength, (I)ntelligence, or (D)exterity?
You feel clever. x2
l - a scroll labelled BOADYM QACW
Found a robe.
m - a scroll labelled SOZOGU UMEOTOLAID
m - 2 scrolls labelled SOZOGU UMEOTOLAID (gained 1) Key pressed, stopping explore.
You now have 80 gold pieces (gained 13).
Done exploring.
Done exploring.
Done exploring.
(D) Dungeon
Where to? (Enter - D:1 @ (x,y), ? - help)
There is a stone staircase leading down here.
You climb downwards.
Found 11 gold pieces and a scroll labelled XOFUNO YCLEIQ.
Found a stone staircase leading up.
There is a stone staircase leading up here.
A worm comes into view.
A worm is nearby!
A worm is nearby!
The zap hits the worm.
The worm is moderately wounded.
The zap hits the worm.
The worm is heavily wounded.
The zap hits the worm.
The worm is severely wounded.
The zap hits the worm.
The worm is severely wounded.
The zap hits the worm.
The worm is almost dead.
The zap hits the worm.
The worm is almost dead.
The zap hits the worm.
You kill the worm!
* * * LOW MAGIC WARNING * * *
You are out of magic!
A bat comes into view.
The bat moves out of view.
A bat is nearby!
A bat is nearby!
A bat is nearby!
A bat is nearby!
The zap hits the bat.
The bat is heavily wounded.
The zap hits the bat.
You kill the bat!
You can't see any susceptible monsters within range! (Use Z to cast anyway.) Magic restored.
n - a scroll labelled XOFUNO YCLEIQ You now have 91 gold pieces (gained 11).
Found an iron altar of Okawaru.
Found a stone staircase leading down.
You now have 97 gold pieces (gained 6).
An adder comes into view.
An adder is nearby!
An adder is nearby!
An adder is nearby!
The zap hits the adder.
The adder is heavily wounded.
The adder hisses angrily.
The zap misses the adder.
The zap hits the adder.
You kill the adder!
A frilled lizard comes into view.
The zap hits the frilled lizard.
You kill the frilled lizard!
o - a wand of mindburst (16)
You see here an adder corpse.
p - a blue potion A hobgoblin comes into view.
Found 5 gold pieces.
A hobgoblin is nearby!
A hobgoblin is nearby!
A hobgoblin is nearby!
The zap hits the hobgoblin.
The hobgoblin is heavily wounded.
The hobgoblin shouts!
The zap hits the hobgoblin.
You kill the hobgoblin!
You can't see any susceptible monsters within range! (Use Z to cast anyway.)
A hobgoblin comes into view.
A hobgoblin is nearby!
A hobgoblin is nearby!
A hobgoblin is nearby!
A hobgoblin is nearby!
The zap hits the hobgoblin.
You kill the hobgoblin!
You can't see any susceptible monsters within range! (Use Z to cast anyway.)
You can't see any susceptible monsters within range! (Use Z to cast anyway.)
You now have 105 gold pieces (gained 8).
Found a faded altar of an unknown god.
You enter the shallow water.
Found a club.
You now have 110 gold pieces (gained 5).
You enter the shallow water.
You sink to the bottom.
l - 2 scrolls labelled BOADYM QACW (gained 1)
Found a leather armour.
Search for what [Enter for "dag", or ? for help]? alt You see here a +0 club.
You enter the shallow water.
You sink to the bottom.
Found 7 stones.
There is a faded altar of an unknown god here.
This altar belongs to (a) Hepliaklqana, (b) Nemelex Xobeh or (c) Wu Jian, but you can't tell which.
Press the corresponding letter to learn more about a god, or press enter to convert or escape to cancel.
Okay, then.
Unknown command.
Press < or > to pray at altars.
Unknown command.
Press < or > to pray at altars.
Unknown command.
Press < or > to pray at altars.
You enter the shallow water.
You sink to the bottom.
You enter the shallow water.
You enter the shallow water.
You open the door.
There is an open door here.
Found a stone staircase leading down.
An adder comes into view.
You see here a scroll labelled NYIRUL OBOFOCW.
An adder is nearby!
An adder is nearby!
The zap hits the adder.
The adder is heavily wounded.
The zap hits the adder.
The adder is severely wounded.
The adder barely misses you.
You hit the adder.
The adder is poisoned.
Your grab misses the adder.
You squeeze the adder, but do no damage.
The adder is severely wounded.
You kill the adder!
q - a scroll labelled NYIRUL OBOFOCW
m - 3 scrolls labelled SOZOGU UMEOTOLAID (gained 1)
There is a stone staircase leading down here.
Found an escape hatch in the ceiling.
A worm comes into view.
A worm is nearby!
The zap hits the worm.
The worm is lightly wounded.
The zap hits the worm.
The worm is moderately wounded.
The zap hits the worm.
The worm is severely wounded.
The zap hits the worm.
The worm is severely wounded.
The zap hits the worm.
You kill the worm!
You can't see any susceptible monsters within range! (Use Z to cast anyway.)
You can't see any susceptible monsters within range! (Use Z to cast anyway.)
There is an escape hatch in the ceiling here.
You open the door.
There is an open door here.
Found a pair of boots.
Found a robe.
Found an escape hatch in the floor.
You see here a +0 leather armour.
You see here a +0 pair of boots.
You now have 117 gold pieces (gained 7).
You open the door.
There is an open door here.
r - a murky ruby potion You can't see any susceptible monsters within range! (Use Z to cast anyway.)
A ball python comes into view.
Found a bloodstained altar of Trog.
The ball python hisses angrily.
A ball python is nearby!
A ball python is nearby!
The zap misses the ball python.
The zap hits the ball python.
You kill the ball python!
You can't see any susceptible monsters within range! (Use Z to cast anyway.)
You see here a ball python corpse.
Found 9 stones.
You see here 9 stones.
There is a stone staircase leading up here.
You now have 131 gold pieces (gained 14).
A bat comes into view.
A bat is nearby!
A bat is nearby!
The zap hits the bat.
You kill the bat!
You can't see any susceptible monsters within range! (Use Z to cast anyway.)
You can't see any susceptible monsters within range! (Use Z to cast anyway.)
A rat comes into view.
A rat is nearby!
A rat is nearby!
The zap hits the rat.
You kill the rat!
You have reached level 4!
Found a stone staircase leading up.
There is a stone staircase leading up here.
Found 6 stones.
You now have 145 gold pieces (gained 14).
s - a fizzy dark potion You see here 6 stones.
t - a scroll labelled QILEW WOUGA You open the door.
There is an open door here.
A rat comes into view.
A rat is nearby!
The zap hits the rat.
You kill the rat!
You can't see any susceptible monsters within range! (Use Z to cast anyway.)
You can't see any susceptible monsters within range! (Use Z to cast anyway.)
Found 8 stones.
Found a stone staircase leading down.
There is a stone staircase leading down here.
You now have 151 gold pieces (gained 6).
You see here 8 stones.
You open the door.
There is an open door here.
e - 4 scrolls labelled AQEJUM WIULUA (gained 1)
You open the door.
Found Opupnota's Weapon Emporium.
There is an open door here.
There is an entrance to Opupnota's Weapon Emporium here.
You can access your shopping list by pressing '$'.
There is an open door here.
There is an open door here.
There is an open door here.
A hobgoblin comes into view.
Found a Grand Grimoire.
A hobgoblin is nearby!
A hobgoblin is nearby!
A hobgoblin is nearby!
The zap hits the hobgoblin.
The hobgoblin is severely wounded.
The hobgoblin shouts!
The zap hits the hobgoblin.
You kill the hobgoblin!
An adder comes into view.
An adder is nearby!
The zap hits the adder.
The adder is lightly wounded.
The adder hisses angrily.
The zap hits the adder.
The adder is lightly wounded.
The zap misses the adder.
The zap hits the adder.
The adder is heavily wounded.
The zap hits the adder.
The adder is severely wounded.
* * * LOW MAGIC WARNING * * *
The adder bites you but does no damage.
You barely miss the adder. Your grab misses the adder.
The adder is severely wounded.
The adder bites you.
You are poisoned.
The adder poisons you!
You hit the adder but do no damage. Your grab misses the adder.
The adder is severely wounded.
You feel sick. The adder bites you.
You hit the adder.
You kill the adder!
You feel sick.
No target in view!
You feel sick.
You feel sick.
You feel sick.
You feel sick.
You feel sick.
You are no longer poisoned.
HP restored.
You see here an adder corpse.
You pick up a Grand Grimoire and begin reading...
You add the spells Malign Gateway and Summon Horrible Things to your library.
You see here a hobgoblin corpse.
Found 6 stones.
You see here 6 stones.
A quokka comes into view.
A quokka is nearby!
A quokka is nearby!
The zap hits the quokka but does no damage.
You hit the quokka. Your grab misses the quokka.
The quokka is heavily wounded.
The quokka barely misses you. The quokka bites you.
You hit the quokka.
You kill the quokka!
No target in view!
No target in view!
No target in view!
Done exploring.
Done exploring.
Done exploring.
Done exploring.
(D) Dungeon
Where to? (Enter - D:3 @ (x,y), ? - help)
There is a stone staircase leading down here.
You climb downwards.
You hear the sound of rushing water.
There is an entrance to a sewer on this level.
Hurry and find it before the portal rusts away!
Found a robe and a leather armour.
There is a stone staircase leading up here.
Found a stone staircase leading up.
You now have 162 gold pieces (gained 11).
You now have 178 gold pieces (gained 16).
r - 2 murky ruby potions (gained 1) As you open the door, it creaks loudly!
Found a scroll labelled SOZOGU UMEOTOLAID.
There is an open door here.
m - 4 scrolls labelled SOZOGU UMEOTOLAID (gained 1)
Found a stone staircase leading down.
You hear the slow rusting of a very distant drain.
Found a hazy altar of Hepliaklqana.
A ball python comes into view.
The ball python hisses angrily.
A ball python is nearby!
The zap misses the ball python.
The zap hits the ball python.
You kill the ball python!
Your Air Magic skill increases to level 5!
Magic restored.
You hear the slow rusting of a very distant drain.
An adder comes into view.
The adder hisses angrily.
An adder is nearby!
The zap misses the adder.
The zap hits the adder.
The adder is moderately wounded.
An adder is nearby!
The zap misses the adder.
The zap hits the adder.
The adder is heavily wounded.
The adder misses you.
The zap misses the adder.
The adder misses you. The adder closely misses you.
An adder is nearby!
An adder is nearby!
You hit the adder but do no damage.
The adder is poisoned.
You grab the adder.
The adder is heavily wounded.
You constrict the adder. The adder bites you.
You are poisoned.
The adder poisons you!
You hit the adder.
The adder looks as sick as possible!
The adder is almost dead.
You constrict the adder.
You kill the adder!
You feel sick.
You feel sick.
You feel sick.
You feel sick.
You feel sick.
You are no longer poisoned.
HP restored.
Key pressed, stopping explore.
No target in view!
You hear the slow rusting of a very distant drain.
You see here an adder corpse.
Found a stone staircase leading down.
u - a fuming grey potion
Found 7 stones.
v - a scroll labelled YLOFICELYN You now have 194 gold pieces (gained 16).
There is a stone staircase leading down here.
You see here 7 stones.
An adder comes into view.
An adder is nearby!
An adder is nearby!
An adder is nearby!
The zap hits the adder.
The adder is heavily wounded.
The adder hisses angrily.
The zap misses the adder.
You miscast Shock.
You are very lightly contaminated with residual magic.
Nothing appears to happen.
The adder barely misses you.
An adder is nearby!
An adder is nearby!
You hit the adder.
The adder is poisoned.
Your grab misses the adder. You squeeze the adder.
You kill the adder!
No target in view!
No target in view!
No target in view!
No target in view!
No target in view!
No target in view!
No target in view!
You hear the slow rusting of a very distant drain.
Your magical contamination has completely faded away.
w - a scroll labelled IGORPH RAGGER A jackal comes into view.
A jackal is nearby!
The zap hits the jackal but does no damage.
The jackal barks!
A jackal comes into view.
The zap hits the jackal.
You kill the jackal!
The jackal barks!
You hear an angry hiss.
The zap hits the jackal.
The jackal is almost dead.
The zap misses the jackal.
You hear the rusting of a very distant drain.
A jackal comes into view.
An adder comes into view.
The zap hits the jackal.
You kill the jackal!
The zap misses the jackal.
The jackal barks!
The zap hits the jackal.
The jackal is severely wounded.
The zap hits the jackal.
You kill the jackal!
* * * LOW MAGIC WARNING * * *
You are out of magic!
You are out of magic!
You hear the rusting of a very distant drain.
An adder is nearby!
An adder is nearby!
An adder is nearby!
The zap misses the adder.
The zap hits the adder.
The adder is lightly wounded.
The zap hits the adder.
The adder is heavily wounded.
The zap misses the adder.
You barely miss the adder. Your grab misses the adder.
Your squeeze misses the adder.
The adder is heavily wounded.
The adder bites you.
You are poisoned.
The adder poisons you! The adder closely misses you.
You barely miss the adder. Your grab misses the adder.
The adder is heavily wounded.
You feel sick. The adder misses you.
You barely miss the adder. Your grab misses the adder.
Your squeeze misses the adder.
The adder is heavily wounded.
You feel sick. The adder misses you.
You barely miss the adder. Your grab misses the adder.
The adder is heavily wounded.
You feel sick. The adder closely misses you. x2
You hit the adder.
The adder is poisoned.
Your grab misses the adder.
The adder is almost dead.
You feel sick.
You are no longer poisoned.
You kill the adder!
No target in view!
No target in view!
You hear the brisk rusting of a very distant drain.
You see here a jackal corpse.
A howler monkey comes into view.
A howler monkey is nearby!
A howler monkey is nearby!
The zap hits the howler monkey.
The howler monkey is lightly wounded.
The howler monkey howls!
The howler monkey hoots and howls with incredible vigour!
You hear a shout! x2; You hear a bark!
The zap hits the howler monkey.
The howler monkey is heavily wounded.
The zap hits the howler monkey.
The howler monkey is severely wounded.
The zap hits the howler monkey.
The howler monkey is almost dead.
The zap hits the howler monkey.
You kill the howler monkey!
You have reached level 5!
You feel agile.
You hear the brisk rusting of a very distant drain.
A hound comes into view.
The hound moves out of view.
A hound is nearby!
A hound is nearby!
An orc comes into view. It is wielding a +0 morningstar.
An orc comes into view. It is wielding a +0 club.
An orc wizard and an orc priest come into view.
The orc shouts!
The orc priest shouts!
You hear a shout!
The hound barks!
The hound barely misses you.
You hit the hound. Your grab misses the hound.
The hound is lightly wounded.
The hound bites you.
You hit the hound but do no damage.
The hound is poisoned.
You grab the hound.
The hound is lightly wounded.
You constrict the hound. The hound closely misses you.
The hound barely misses you.
You hit the hound but do no damage.
The hound looks as sick as possible!
You squeeze the hound.
The hound is severely wounded.
You constrict the hound.
You kill the hound!
An orc comes into view. It is wielding a +0 short sword.
Your Air Magic skill increases to level 6!
You barely miss the orc.
The orc shouts!
Your grab misses the orc. Your squeeze misses the orc. You hit the orc.
The orc is poisoned.
Your grab misses the orc.
The orc is heavily wounded.
The orc hits you with a +0 club.
You hit the orc.
You kill the orc!
The orc priest closely misses you.
You hit the orc priest.
The orc priest is poisoned.
Your grab misses the orc priest.
The orc priest is lightly wounded.
You barely miss the orc priest. You grab the orc priest.
The orc priest is lightly wounded.
You constrict the orc priest. The orc wizard closely misses you.
The orc priest invokes the aid of Beogh against you.
Beogh smites you!
* * * LOW HITPOINT WARNING * * *
Okay, then.
It was a potion of berserk rage.
A red film seems to cover your vision as you go berserk!
You feel yourself moving faster!
You feel mighty!
You constrict the orc priest.
The orc priest mumbles some strange prayers to Beogh against you.
Beogh smites you!
* * * LOW HITPOINT WARNING * * *
The orc closely misses you.
The orc wizard hits you with a +0 dagger.
You die...

.....###.#
#....#.#.# #
.....#.#.# .
#....#.#.#
#.#........##
#.#...##....#
#.......###.#
####.#.)##.# #.#
.....oo@##.###.#
..##.#oo.......#
o......#.######
..#.##.#.# #.
....# . #.#### .
#. .. #. #.


You could see an orc priest (very poisoned), an orc wizard and 2 orcs.

Vanquished Creatures
  A howler monkey (D:4)
  A hound (D:4)
  6 adders
  2 worms (D:3)
  A dart slug (D:2)
  An orc (D:4)
  3 bats
  2 endoplasms (D:1)
  A giant cockroach (D:1)
  5 goblins
  3 hobgoblins (D:3)
  3 jackals (D:4)
  A quokka (D:3)
  6 ball pythons
  2 frilled lizards
  A kobold (D:2)
  7 rats
46 creatures vanquished.

Vanquished Creatures (others)
  A fungus (D:4)
1 creature vanquished.

Grand Total: 47 creatures vanquished

Notes
Turn   | Place    | Note
-------+----------+-------------------------------------------
     0 | D:1      | sleeves the Octopode Air Elementalist began the quest for
                  | the Orb.
     0 | D:1      | Reached XP level 1. HP: 11/11 MP: 3/3
   242 | D:1      | Reached XP level 2. HP: 17/17 MP: 3/5
   707 | D:1      | You fall into a shaft and drop 1 floor!
  1008 | D:2      | Reached skill level 4 in Air Magic
  1072 | D:2      | Found Noasheq's Book Emporium.
  1416 | D:2      | Reached XP level 3. HP: 21/21 MP: 4/6
  1737 | D:3      | Found an iron altar of Okawaru.
  1860 | D:3      | Found a faded altar of an unknown god.
  2173 | D:3      | Found a bloodstained altar of Trog.
  2283 | D:3      | Reached XP level 4. HP: 27/27 MP: 5/7
  2476 | D:3      | Found Opupnota's Weapon Emporium.
  2788 | D:4      | Found a hazy altar of Hepliaklqana.
  2792 | D:4      | Reached skill level 5 in Air Magic
  3098 | D:4      | Reached XP level 5. HP: 31/31 MP: 2/8
  3159 | D:4      | Reached skill level 6 in Air Magic
  3163 | D:4      | HP: 10/31 [orc priest/divine providence (13)]
  3164 | D:4      | HP: 1/46 [orc priest/divine providence (14)]
  3164 | D:4      | Slain by an orc wizard

Illustrated notes

Levels and vault maps discovered:
D:1:      minmay_arrival_diagonal_passages, layout_basic
D:2:      layout_basic, serial_shops, shop
D:3:      layout_basic, okawaru_metal_pillars_3, trog_three_pillars_becter,
          chequers_ecumenical_altar_island, serial_shops, shop
D:4:      layout_basic, mainiacjoe_overflow_paths, portal_sewer_entry_b,
          nicolae_elemental_shop, dreamdust_gnoll_farm

Skill      XL: |  1  2  3  4  5 |
---------------+----------------+-----
Air Magic      | 4 5 6 |  6.0
Dodging        | |  2.0
Stealth        | |  2.6
Spellcasting   | |  2.0
Conjurations   | |  1.0

Action                   |  1- 3 |  4- 6 || total
-------------------------+-------+-------++-------
Melee: Unarmed           |     2 |       ||     2
       Tentacles         |     3 |     2 ||     5
       Dagger            |     4 |    21 ||    25
       Constrict         |     1 |     3 ||     4
 Cast: Shock             |    58 |    34 ||    92
  Use: Potion            |       |     1 ||     1
Armor: Skin              |       |     1 ||     1
Dodge: Dodged            |     1 |    16 ||    17

Table legend: (Time is in decaauts)
 A = Elapsed time spent in this place.
 B = Non-inter-level travel time spent in this place.
 C = Inter-level travel time spent in this place.
 D = Time resting spent in this place.
 E = Time spent auto-exploring this place.
 F = Levels seen in this place.
 G = Mean time per level.
                   A        B        C        D        E       F      G
               +--------+--------+--------+--------+--------+-----+--------+
         Total |   3162 |   3106 |     56 |      0 |   2868 |   4 |  790.5 |
       Dungeon |   3162 |   3106 |     56 |      0 |   2868 |   4 |  790.5 |
               +--------+--------+--------+--------+--------+-----+--------+

Top non-repeatable levels by time:
     D:3: 1068 daAuts
     D:2: 936 daAuts
     D:1: 706 daAuts
     D:4: 450 daAuts
